 Dungeon Crawl Stone Soup version 0.22-a0-433-gd2a9cce (webtiles) character file.

16 Gorglomux the Skirmisher (level 2, 0/27 HPs)
             Began as a Minotaur Abyssal Knight on May 27, 2018.
             Was a Follower of Lugonu.
             Slain by a jackal (1 damage)
             ... on level 1 of the Dungeon.
             The game lasted 00:00:31 (109 turns).

Gorglomux the Skirmisher (Minotaur Abyssal Knight)   Turns: 109, Time: 00:00:32

Health: 0/27       AC:  3    Str: 16    XL:     2   Next: 41%
Magic:  2/2        EV: 11    Int:  9    God:    Lugonu [*.....]
Gold:   0          SH:  0    Dex:  9    Spells: 1/1 levels left

rFire    . . .     SeeInvis .   a - +1 hand axe
rCold    . . .     Gourm    .   (no shield)
rNeg     . . .     Faith    .   b - +0 leather armour
rPois    .         Spirit   .   (helmet restricted)
rElec    .         Reflect  .   (no cloak)
rCorr    .         Harm     .   (no gloves)
MR       .....                  (no boots)
Stlth    +.........             (no amulet)
HPRegen  0.09/turn              (no ring)
MPRegen  0.08/turn              (no ring)

@: no status effects
A: retaliatory headbutt, horns 2
a: Depart the Abyss, Renounce Religion


You were on level 1 of the Dungeon.
You worshipped Lugonu.
Lugonu was aware of your devotion.
You were not hungry.

You visited 1 branch of the dungeon, and saw 1 of its levels.
You visited the Abyss 1 time.

Inventory:

Hand Weapons
 a - a +1 hand axe (weapon)
Armour
 b - a +0 leather armour (worn)
Scrolls
 e - a scroll of remove curse {unknown}
Comestibles
 c - a ration
 d - 3 chunks of flesh


   Skills:
 + Level 3.9 Fighting
 + Level 2.8 Axes
 + Level 2.8 Armour
 - Level 1.1 Dodging
 + Level 2.1 Invocations


You had one spell level left.
You didn't know any spells.
Your spell library was empty.

Dungeon Overview and Level Annotations

Branches:
Dungeon (1/15)

Altars:


Innate Abilities, Weirdness & Mutations

You reflexively headbutt those who attack you in melee.
You have a pair of horns on your head.


Message History

You open the jackal but do no damage!
The jackal is moderately wounded!
The butt bites you! * * * don't die
* * * The kobold throws a stone!
The stone hits you! * * * don't die
* * * Butt carve the jackal like a ham!
The jackal is almost dead!
The jackal bites you! * * * don't die
* * * The kobold throws a stone!
The stone hits you but does no damage!
A hobgoblin comes into view! It is wielding a club!
The butt butts you! * * * don't butt
* * * The jackal bites you! * * * don't die
* * * You butt the jackal but do no damage!
Your headbutt misses the jackal!
The jackal is severely wounded!
The jackal closely misses you! The jackal bites you! rip

##########.##...#.
#.......^..####.#.
#..........# ##..
#.......#### ###
##'###### #.#####
#.....#
###########.#.####
+......h@........>#
#.........#.###.###
#.....#####.#
#....(# #.# #...)†#
#.# +.....# #.#
#.....# #.# #......
.# #.....#


You could see a jackal.

Vanquished Creatures
  A leopard gecko (D:1)
  2 goblins (D:1)
  7 jackals (D:1)
  A kobold (D:1)
  A rat (D:1)
12 creatures vanquished.

Vanquished Creatures (others)
  6 starspawn tentacles (Abyss:1)
6 creatures vanquished.

Grand Total: 18 creatures vanquished

Notes
Turn   | Place    | Note
-------+----------+-------------------------------------------
     0 | Abyss:1  | Gorglomux the Minotaur Abyssal Knight began the quest for the Orb.
     0 | Abyss:1  | Reached XP level 1. HP: 19/19 MP: 1/1
    33 | Abyss:1  | Noticed a tentacled starspawn
    43 | Abyss:1  | Noticed a thrashing horror
    45 | D:1      | Escaped the Abyss
    95 | D:1      | Reached XP level 2. HP: 20/27 MP: 2/2
    97 | D:1      | Reached * piety under Lugonu
   106 | D:1      | HP: 1/27 [jackal (2)]
   109 | D:1      | Slain by a jackal

Vault maps used:
D:1:      saegor_arrival_simple_e
Abyss:1:  evilmike_abyss_exit_glass, evilmike_abyss_exit_1

Skill      XL: |  1 |
---------------+----+-----
Invocations    | 2 |  2.1
Fighting       | |  3.9
Axes           | |  2.8
Armour         | |  2.8
Dodging        | |  1.1

Action                   || total
-------------------------++-------
Melee: Hand axe          ||    20
       Headbutt          ||     1
Invok: Depart the Abyss  ||     1
Armor: Leather armour    ||     3
Dodge: Dodged            ||    19

Table legend:
 A = Spawn XP
 B = Non-spawn XP
 C = Spawn XP percentage of total XP
 D = Spawn monster count
 E = Non-spawn monster count
 F = Spawn count percentage of total count
 G = Total turns spent on level
                    A         B        C        D         E        F      G
               +---------+---------+-------+---------+---------+-------+---------
         Total |       0 |      24 |   0.0 |       0 |      12 |   0.0 |   109
               +---------+---------+-------+---------+---------+-------+---------
           D:1 |       0 |      24 |   0.0 |       0 |      12 |   0.0 |    64
               +---------+---------+-------+---------+---------+-------+---------
